 Dungeon Crawl Stone Soup version 0.30-a0-137-gd8773701ce (webtiles) character file.

Game seed: 16933047870307515864

125 juncz the Magician (level 5, -2/40 HPs)
             Began as a Djinni Conjurer on Sept 21, 2022.
             Killed from afar by an orc wizard (4 damage)
             ... with a magic dart
             ... on level 4 of the Dungeon.
             The game lasted 00:05:06 (3693 turns).

juncz the Magician (Djinni Conjurer)                Turns: 3693, Time: 00:05:07

Health: -2/40      AC:  3    Str:  6    XL:     5   Next: 30%
Gold:   156        EV: 12    Int: 22    God:
                   SH:  0    Dex: 11

rFire   + + .      SeeInvis .    e - staff of earth
rCold   x . .      Faith    .    (no shield)
rNeg    . . .      Spirit   .    a - +0 robe
rPois   ∞          Reflect  .    (no helmet)
rElec   .          Harm     .    (no cloak)
rCorr   .          Rampage  .    l - +0 pair of gloves
Will    .....                    (boots unavailable)
Stlth   ++........               (no amulet)
HPRegen 0.13/turn                (no ring)
MPRegen 0.00/turn                (no ring)

@: flying
A: sickness immunity, fire resistance 2, cold vulnerability 1, float, innate
caster, HP casting, extra vitality 1
a: no special abilities


You were on level 4 of the Dungeon.
You visited 1 branch of the dungeon, and saw 4 of its levels.

You collected 156 gold pieces.

Inventory:

Armour
 a - a +0 robe (worn)
 l - a +0 pair of gloves (worn)
Magical Staves
 e - a staff of earth (weapon)
Jewellery
 j - a ring of protection from fire
Scrolls
 c - a scroll of summoning {unknown}
 f - a scroll of fear {unknown}
 g - a scroll of blinking {unknown}
 h - a scroll of teleportation {unknown}
 i - 2 scrolls of fog {unknown}
 p - 2 scrolls of identify {unknown}
Potions
 b - a potion of ambrosia {unknown}
 d - 2 potions of curing {unknown}
 k - a potion of cancellation {unknown}
 m - 2 potions of berserk rage {unknown}
 n - a potion of heal wounds {unknown}
 o - a potion of lignification {unknown}


   Skills:
 + Level 2.8 Fighting
 - Level 2.4 Dodging
 - Level 1.8 Stealth
 + Level 4.1 Spellcasting


You couldn't memorise any spells.
You knew the following spells:

 Your Spells              Type           Power      Damage    Failure   Level
a - Magic Dart            Conj           88%        1d7       1%          1
b - Searing Ray           Conj           44%        2d6       3%          2
c - Dazzling Flash        Conj/Hex       44%        N/A       6%          3
d - Fulminant Prism       Conj/Hex       11%        3d9       21%         4
e - Iskenderun's Mystic   Conj/Tloc      22%        2d6       21%         4
f - Beastly Appendage     Tmut           44%        N/A       1%          1
g - Wereblood             Tmut           22%        N/A       3%          2
Your spell library was empty.

Dungeon Overview and Level Annotations

Branches:
Dungeon (4/15)
 Temple: D:4-7

Altars:

Shops:
D:1 (


Innate Abilities, Weirdness & Mutations

You are immune to sickness and miasma.
You are immune to poison.
Your flesh is very heat resistant. (rF++)
You are vulnerable to cold. (rC-)
You float through the air rather than walking.
You learn spells naturally, not from books.
Your magical power is your life essence.
You have superior vitality. (+4 MHP)


Message History

* * * LOW HITPOINT WARNING * * *
Casting: Magic Dart (safe; 1% risk of failure)
Confirm with . or Enter, or press ? or * to list all spells.
Aiming: Magic Dart (safe; 1% risk of failure)
Press: ? - help, Shift-Dir - straight line, f/p - orc
Aim: an orc, wielding a +0 dagger and wearing a +0 ring mail (almost dead, 100% to hit)
The magic dart hits something.
* * * LOW HITPOINT WARNING * * *
You hear some strange, mumbled words.
You are confused.
You're too confused to cast spells.
Sorry, you're not good enough to have a special ability.
Unknown command.
You're too confused to cast spells.
Sorry, you're not good enough to have a special ability.
You bump into the rock wall.
Something hits you but does no damage.
You start resting.
Something hits you but does no damage.
You start resting.
Something hits you but does no damage.
You start resting.
Something hits you.
* * * LOW HITPOINT WARNING * * *
Something hits you but does no damage.
You feel less confused. Something hits you but does no damage.
Casting: Magic Dart (safe; 1% risk of failure)
Confirm with . or Enter, or press ? or * to list all spells.
Aiming: Magic Dart (safe; 1% risk of failure)
Press: ? - help, Shift-Dir - straight line, f - quokka
Aim: a quokka (100% to hit)
The magic dart hits something.
* * * LOW HITPOINT WARNING * * *
Something barely misses you.
Casting: Magic Dart (safe; 1% risk of failure)
Confirm with . or Enter, or press ? or * to list all spells.
Aiming: Magic Dart (safe; 1% risk of failure)
Press: ? - help, Shift-Dir - straight line, f/p - quokka
Aim: a quokka (100% to hit)
Okay, then.
A magic dart appears from out of thin air!
The magic dart hits you.
You die...

.#.##...###..
#.......# ..#.......#
####.#### .# ##.#.<#.#
#..# # #.#..#.# ##.#
#. # #..#.# #.# ##.#
#.##.# #.# #..>#
.#.#.########### #.#
.##.....#
#..##........# #.#
.?....o##
##.@..<##.##.###.#
#r###{####.##........#
..r....#)#r##
#.#####.#####
.o....#.#o## #.#####.#
.......#### #.......#
....... #########
..#### #


You could see an orc and a quokka.

Vanquished Creatures
  An iguana (D:4)
  A statue (D:3)
  An adder (D:3)
  A worm (D:3)
  2 dart slugs (D:1)
  2 orcs
  7 endoplasms
  2 giant cockroaches (D:3)
  5 hobgoblins
  3 jackals (D:2)
  3 kobolds
  A quokka (D:3)
  8 ball pythons
  5 bats
  2 frilled lizards
  7 goblins
  5 rats
  A fulminant prism (D:3)
57 creatures vanquished.

Vanquished Creatures (others)
  A fulminant prism (D:3)
1 creature vanquished.

Grand Total: 58 creatures vanquished

Notes
Turn   | Place    | Note
-------+----------+-------------------------------------------
     0 | D:1      | juncz the Djinni Conjurer began the quest for the Orb.
     0 | D:1      | juncz set off with the following spells memorised: Magic
                  | Dart, Searing Ray, Dazzling Flash, Fulminant Prism,
                  | Iskenderun's Mystic Blast.
     0 | D:1      | Reached XP level 1. HP: 15/15 MP: 0/0
   374 | D:1      | Reached XP level 2. HP: 19/21 MP: 0/0
   797 | D:1      | Found Bire Jeerch's Antique Weapon Shop.
  1100 | D:1      | Reached skill level 1 in Fighting
  1140 | D:1      | Reached XP level 3. HP: 19/27 MP: 0/0
  1140 | D:1      | Learned a level 1 spell: Beastly Appendage
  1293 | D:1      | Found a faded altar of an unknown god.
  2560 | D:3      | Noticed a charred statue
  2680 | D:3      | Reached XP level 4. HP: 30/33 MP: 0/0
  3502 | D:3      | Killed a charred statue
  3503 | D:3      | Reached skill level 4 in Spellcasting
  3503 | D:3      | Reached XP level 5. HP: 30/39 MP: 0/0
  3503 | D:3      | Learned a level 2 spell: Wereblood
  3693 | D:4      | Killed from afar by an orc wizard

Illustrated notes

Levels and vault maps discovered:
D:1:      evilmike_arrival_hilbert_curve, layout_basic,
          dilly_ecumenical_altar_fadedgnrine, serial_shops, shop,
          hangedman_decor_opposing
D:2:      minmay_door_path, layout_loops_ring, st_stairs_9
D:3:      layout_basic, vehumet_statue, minmay_misc_feat_secret_circle,
          minmay_misc_feat_nine_boxes
D:4:      layout_loops_cross, saegor_snake_ambush, uniq_eustachio

Skill      XL: |  1  2  3  4 |
---------------+-------------+-----
Fighting       | 1 2 |  2.8
Spellcasting   | 4 |  4.1
Dodging        | |  2.4
Stealth        | |  1.8

Action                   |  1- 3 |  4- 6 || total
-------------------------+-------+-------++-------
 Cast: Magic Dart        |    79 |    46 ||   125
       Fulminant Prism   |       |     2 ||     2
Armor: Robe              |     1 |     9 ||    10
Dodge: Dodged            |     5 |     5 ||    10

Table legend: (Time is in decaauts)
 A = Elapsed time spent in this place.
 B = Non-inter-level travel time spent in this place.
 C = Inter-level travel time spent in this place.
 D = Time resting spent in this place.
 E = Time spent auto-exploring this place.
 F = Levels seen in this place.
 G = Mean time per level.
                   A        B        C        D        E       F      G
               +--------+--------+--------+--------+--------+-----+--------+
         Total |   3691 |   3552 |    139 |     21 |   3263 |   4 |  922.8 |
       Dungeon |   3691 |   3552 |    139 |     21 |   3263 |   4 |  922.8 |
               +--------+--------+--------+--------+--------+-----+--------+

Top non-repeatable levels by time:
     D:1: 1334 daAuts
     D:3: 1239 daAuts
     D:2: 1005 daAuts
     D:4: 111 daAuts
